Unix NetHack Version 5.0.0-0 post-release - last build May 17 2026 04:57:42 (dc50c8380fa5e20985bfe3072449f57b8d9895ef,branch:main).

Game began 2026-05-20 11:58:59, ended 2026-05-20 12:15:32.

FutureTim, lawful female human Valkyrie

                             ------------          ----
                             |.[..).....------------..--
                         -----).|..----................|
                         |.....--     ---------------..-----
                         ...----                    --...|.--            ---
                         .....-                      --.....|      ---- --.---
                         ..%...                     ---....--      |..| |....--
                          ddd                       ...|..----   ---..|---*..)|
                          a@-                       ...|-....|  --....-|....|.|
                          -.|                        ..-----.| --......|.---|.|
                                                           |.|--....---|.|  |.|
                                                          .|.|.....--  |.|  |.|
                                                          .<.......|   |.| --.|
                                                          .....(------ |.| |..|
                                                           ---..----.---.| |.)|
                                                             |........|..| ----
                                                             -----......--
                                                                 |.....--
                                                                 |.....|
                                                                 ----.--
                                                                    ---
FutureTim the Skirmisher    St:18 Dx:16 Co:17 In:10 Wi:7 Ch:9  Lawful
Dlvl:4  $:47 HP:0(50) Pw:13(13) AC:5  Xp:5 T:1324  Satiated

Latest messages:
 You feel that Tyr is well-pleased.
 You feel much better.
 You feel purified.
 You miss the jackal.
 The jackal bites!
 The jackal bites!
 The jackal misses!
 The jackal bites!
 The werejackal summons help!
 You feel hemmed in.
 The werejackal bites!
 The giant ant bites!
 The giant ant bites!
 You kill the jackal!
 The jackal bites!
 The jackal misses!
 The jackal misses!
 The werejackal bites!
 The giant ant bites!
 You kill the jackal!
 The jackal bites!
 The jackal bites!
 The jackal misses!
 The werejackal misses!
 The giant ant bites!
 You see here a jackal corpse.
 The jackal bites!
 The jackal bites!
 The jackal bites!
 The werejackal bites!
 The giant ant bites!
 The jackal bites!
 The jackal bites!
 The werejackal bites!
 You hear some noises in the distance.
 The giant ant bites!
 The jackal bites!
 The jackal bites!
 Are you sure you want to pray? [yn] (n) y
 You begin praying to Tyr.
 The jackal bites!
 The jackal bites!
 The jackal bites!
 The giant ant bites!
 You die...
 Do you want your possessions identified? [ynq] (y) y
 Do you want to see your attributes? [ynq] (y) y
 Do you want an account of creatures vanquished? [ynaq] (y) y
 Do you want to see your conduct and achievements? [ynq] (y) y
 Do you want to see the dungeon overview? [ynq] (y) y

Inventory:
 Coins    ('$')
  $ - 47 gold pieces
 Weapons  (')')
  i - 10 +0 arrows
  s - 13 +0 crossbow bolts
  t - a +0 crossbow
  q - 17 +0 darts
  b - a +0 dagger (alternate weapon; not wielded)
  a - a +1 spear (weapon in right hand)
  x - a +0 bullwhip
 Armor    ('[')
  l - an uncursed +0 orcish helm (being worn)
  c - a blessed +3 small shield (being worn)
 Comestibles  ('%')
  p - an uncursed clove of garlic
  d - 2 uncursed food rations
  j - 2 cursed pancakes
 Scrolls  ('?')
  y - an uncursed scroll of create monster
 Spellbooks  ('+')
  f - an uncursed spellbook of teleport away
 Potions  ('!')
  m - a cursed potion of gain energy
  h - an uncursed potion of invisibility
  w - an uncursed potion of sickness
 Rings    ('=')
  e - a cursed ring of searching
  k - an uncursed ring of slow digestion
 Wands    ('/')
  z - a wand of cancellation (0:8)
  o - a wand of cold (0:4)
 Tools    ('(')
  n - an uncursed magic whistle
 Gems/Stones  ('*')
  u - an uncursed citrine stone

FutureTim the Valkyrie's attributes:

Background:
 You were a Skirmisher, a level 5 human Valkyrie.
 You were lawful, on a mission for Tyr
 who was opposed by Odin (neutral) and Loki (chaotic).
 You were right-handed.
 You were in the Gnomish Mines, on level 4.
 You entered the dungeon 1324 turns ago.
 You had 214 experience points, 106 more were needed to attain level 6.

Basics:
 You had 0 out of 50 hit points.
 You had all 13 energy points (spell power).
 Your armor class was 5.
 Your wallet contained 47 zorkmids.
 Autopickup was off.

Final Characteristics:
 Your strength was 18 (limit:18/100).
 Your dexterity was 16 (limit:18).
 Your constitution was 17 (limit:18).
 Your intelligence was 10 (limit:18).
 Your wisdom was 7 (limit:18).
 Your charisma was 9 (limit:18).

Final Status:
 You were satiated.
 You were unencumbered.
 You were wielding a spear.
 You had basic skill with spear.

Final Attributes:
 You were devoutly aligned.
 You were cold resistant.
 You were stealthy.
 You are dead.

Miscellaneous:
 You didn't encounter any bones levels.
 Total elapsed playing time was 16 minutes and 32 seconds.

Major events:
 Turn
    1: FutureTim the lawful human Valkyrie entered the dungeon
  449: attained the rank of Skirmisher (level 3)
 1034: entered the Gnomish Mines
 1324: killed by a giant ant, while praying

You didn't know any spells.

Skills:
 Fighting Skills
   bare handed combat [Unskilled]
   two weapon combat  [Unskilled]
   riding             [Unskilled]
 Weapon Skills
   dagger             [Basic]
   axe                [Unskilled]
   pick-axe           [Unskilled]
   short sword        [Unskilled]
   broadsword         [Unskilled]
   long sword         [Unskilled]
   two-handed sword   [Unskilled]
   saber              [Unskilled]
   hammer             [Unskilled]
   quarterstaff       [Unskilled]
   polearms           [Unskilled]
   spear              [Basic]
   trident            [Unskilled]
   lance              [Unskilled]
   sling              [Unskilled]
 Spellcasting Skills
   attack spells      [Unskilled]
   escape spells      [Unskilled]

Voluntary challenges:
 Character rerolling was not enabled.
 You never genocided any monsters.
 You never polymorphed an object.
 You never changed form.
 You used no wishes.
Achievements:
 You entered a shop.
 You attained the rank of Skirmisher.
 You entered the Gnomish Mines.

 The Dungeons of Doom: levels 1 to 4
    Level 1:
       A grave.
    Level 2:
       A ring shop, a fountain.
    Level 3:
       Stairs down to The Gnomish Mines.
    Level 4:
       A fountain.
 The Gnomish Mines:
    Level 4: <- You were here.
       Final resting place for
          you, killed by a giant ant, while praying.


Vanquished creatures:
  2 small mimics
  2 gnome leaders
  3 giant ants
  a little dog
  a kitten
  a dwarf
  2 iguanas
  a brown mold
  a yellow mold
  7 gnomes
  a garter snake
  6 jackals
  a goblin
  2 sewer rats
  a grid bug
  3 lichens
  4 newts
39 creatures vanquished.

No species were genocided or became extinct.

Game over:
                       ----------
                      /          \
                     /    REST    \
                    /      IN      \
                   /     PEACE      \
                  /                  \
                  |    FutureTim     |
                  |      47 Au       |
                  |   killed by a    |
                  |    giant ant     |
                  |                  |
                  |                  |
                  |       2026       |
                 *|     *  *  *      | *
        _________)/\\_//(\/(/\)/\//\/|_)_______

Farvel FutureTim the Valkyrie...

You died in The Gnomish Mines on dungeon level 4 with 1085 points,
and 47 pieces of gold, after 1324 moves.
You were level 5 with a maximum of 50 hit points when you died.

